[Event "Tuesday Night Round Robin Engine Tour 5m+1s Starts at 2200hrs ST"]
[Site "Infinity Chess"]
[Date "2018.1.24"]
[Round "10"]
[White "KhalidOmar"]
[Black "star99"]
[Result "1-0"]
[ECO "D12"]
[WhiteElo "2550"]
[BlackElo "2478"]
[WhiteEngine "Eman 1.67 64-bit BMI2"]
[BlackEngine "Cryptic AIL V2"]
[EventType "Round Robin"]
[WhiteTeam ""]
[BlackTeam ""]
[PlyCount "191"]
[TimeControl "300+1"]

1. d4 d5 2. c4 c6 3. Nf3 Nf6 4. e3 Bf5 5. Nc3 e6 6. Nh4 Bg6 7. Be2 dxc4 
8. Nxg6 hxg6 9. Bxc4 Qc7 10. h3 Nbd7 11. Bd2 Rd8 12. Rc1 Be7 13. Qe2 c5 
14. O-O Qb8 15. d5 Ne5 16. Bb5+ Kf8 17. f4 a6 18. fxe5 Qxe5 19. Bd3 exd5 
20. Rf3 Bd6 21. Kf1 Qe6 22. Bc2 b5 23. e4 d4 24. Nd5 c4 25. Qf2 Be5 26. Bf4 d3 
27. Qc5+ Qd6 28. Qxd6+ Bxd6 29. Bxd6+ Rxd6 30. Bxd3 cxd3 31. Rc8+ Ne8 
32. Rxd3 Rd7 33. Ra8 Rh6 34. Rxa6 f5 35. Rf3 Nd6 36. exf5 gxf5 37. Nc3 Rc7 
38. Kg1 Rb7 39. Rd3 Ke7 40. Nd5+ Kf7 41. Ne3 Nc4 42. Rxh6 gxh6 43. Nxf5 Nxb2 
44. Nxh6+ Kg7 45. Nf5+ Kg6 46. Rb3 Nc4 47. g4 Kf6 48. Ng3 Kg6 49. h4 Rh7 
50. Nf5 Ne5 51. h5+ Kg5 52. Rxb5 Kf4 53. Ne3 Rh8 54. Ng2+ Ke4 55. Nh4 Rg8 
56. Rb4+ Kd3 57. h6 Nxg4 58. h7 Rh8 59. Rxg4 Rxh7 60. Ra4 Rh6 61. Kf2 Rh8 
62. Kg3 Kc2 63. Nf5 Kb2 64. Nd4 Rh5 65. Kg4 Rc5 66. Kf4 Rh5 67. Ra8 Rc5 
68. a4 Kc3 69. Ne6 Rc4+ 70. Ke5 Kb4 71. Nd4 Rc5+ 72. Kd6 Kc4 73. Nc6 Rg5 
74. Rb8 Rg6+ 75. Kc7 Rg7+ 76. Kb6 Rg1 77. a5 Rb1+ 78. Ka6 Ra1 79. Rb5 Ra2 
80. Kb6 Rh2 81. a6 Rh8 82. a7 Ra8 83. Re5 Kd3 84. Kb7 Rg8 85. a8=Q Rxa8 
86. Kxa8 Kc2 87. Ka7 Kd3 88. Kb6 Kc4 89. Ka6 Kb3 90. Rc5 Ka2 91. Kb5 Kb3 
92. Nb4 Kb2 93. Kc4 Ka1 94. Kc3 Kb1 95. Ra5 Kc1 96. Ra1# 1-0

[Event "Tuesday Night Round Robin Engine Tour 5m+1s Starts at 2200hrs ST"]
[Site "Infinity Chess"]
[Date "2018.1.24"]
[Round "10"]
[White "BraveDevil"]
[Black "incredible"]
[Result "1/2-1/2"]
[ECO "C64"]
[WhiteElo "2435"]
[BlackElo "2460"]
[WhiteEngine "Cryptic AIL V2"]
[BlackEngine "stockfish_18012314_x64_bmi2"]
[EventType "Round Robin"]
[WhiteTeam ""]
[BlackTeam ""]
[PlyCount "100"]
[TimeControl "300+1"]

1. e4 e5 2. Nf3 Nc6 3. Bb5 Bc5 4. O-O Nd4 5. Nxd4 Bxd4 6. c3 Bb6 7. d4 c6 
8. Bc4 d6 9. dxe5 dxe5 10. Qxd8+ Bxd8 11. a4 Nf6 12. a5 O-O 13. Re1 Rb8 
14. f3 b5 15. axb6 Bxb6+ 16. Kf1 Rd8 17. Na3 h6 18. Be2 Be6 19. Nc4 Bxc4 
20. Bxc4 Ne8 21. Ke2 a5 22. Rd1 Nd6 23. Bd3 Kf8 24. h4 h5 25. f4 exf4 
26. Bxf4 Bc7 27. Ra2 Rd7 28. Bc2 Ke7 29. g3 Nb7 30. Rd4 Nc5 31. Ke3 g6 
32. Rc4 Rb5 33. Bxc7 Rxc7 34. Ba4 Nxa4 35. Rcxa4 Rcb7 36. Rxa5 Rxa5 
37. Rxa5 Rxb2 38. Ra7+ Ke6 39. Rc7 Rb6 40. Kd4 Kf6 41. c4 Ke6 42. Kc5 Rb3 
43. Rxc6+ Ke5 44. Rc7 Rxg3 45. Rxf7 Kxe4 46. Rf1 g5 47. hxg5 Rxg5+ 48. Kb6 Rg6+ 
49. Kb5 h4 50. c5 Rg2 1/2-1/2

[Event "Tuesday Night Round Robin Engine Tour 5m+1s Starts at 2200hrs ST"]
[Site "Infinity Chess"]
[Date "2018.1.24"]
[Round "10"]
[White "angriff"]
[Black "Dovahkiin"]
[Result "1/2-1/2"]
[ECO "D30"]
[WhiteElo "2397"]
[BlackElo "2456"]
[WhiteEngine "Raubfisch ME262_GTZ16b2_CTG"]
[BlackEngine "BrainFish_180113_x64_modern_CTG"]
[EventType "Round Robin"]
[WhiteTeam ""]
[BlackTeam ""]
[PlyCount "118"]
[TimeControl "300+1"]

1. d4 d5 2. c4 e6 3. Nf3 Nf6 4. Nc3 c6 5. e3 Nbd7 6. Qc2 Bd6 7. Be2 dxc4 
8. Bxc4 O-O 9. O-O a6 10. a4 c5 11. dxc5 Bxc5 12. Ne4 Nxe4 13. Qxe4 Qe7 
14. b3 Nf6 15. Qc2 h6 16. Bb2 b6 17. Qe2 Bb7 18. Rfd1 a5 19. Ne5 Rfd8 
20. Bb5 Rxd1+ 21. Rxd1 Rd8 22. Bc6 Rxd1+ 23. Qxd1 Bxc6 24. Nxc6 Qb7 25. Qf3 Qd7 
26. g3 Qd6 27. Be5 Qd7 28. Bb2 Qd6 29. Ne5 Qd2 30. Nc4 Qd5 31. Qxd5 exd5 
32. Ne5 Ne4 33. Bc1 d4 34. Kg2 dxe3 35. fxe3 Bb4 36. Bb2 Nc5 37. Bd4 f6 
38. Nc4 Kf7 39. g4 Nxb3 40. Bxb6 Ke6 41. e4 Kd7 42. h4 Kc6 43. h5 Nc5 
44. Bxa5 Bxa5 45. Nxa5+ Kd7 46. Kf3 Nxa4 47. Nc4 Nc5 48. Kf4 Ke6 49. Ke3 Ke7 
50. Kf4 Ke6 51. Ke3 Ke7 52. e5 fxe5 53. Nxe5 Kf6 54. Nf3 Ne6 55. Ke4 Ng5+ 
56. Nxg5 Kxg5 57. Kf3 Kf6 58. Ke2 g6 59. Kf3 gxh5 1/2-1/2

[Event "Tuesday Night Round Robin Engine Tour 5m+1s Starts at 2200hrs ST"]
[Site "Infinity Chess"]
[Date "2018.1.23"]
[Round "9"]
[White "star99"]
[Black "BraveDevil"]
[Result "1-0"]
[ECO "C77"]
[WhiteElo "2463"]
[BlackElo "2450"]
[WhiteEngine "Cryptic AIL V2"]
[BlackEngine "Cryptic AIL V2"]
[EventType "Round Robin"]
[WhiteTeam ""]
[BlackTeam ""]
[PlyCount "197"]
[TimeControl "300+1"]

1. e4 e5 2. Nf3 Nc6 3. Bb5 a6 4. Ba4 Nf6 5. d3 d6 6. c3 b5 7. Bc2 Be7 8. O-O O-O 
9. Nbd2 Bg4 10. h3 Bh5 11. Re1 d5 12. g4 Bg6 13. Nh4 d4 14. Ndf3 Qd6 
15. cxd4 Nxd4 16. Nxd4 Qxd4 17. Nf3 Qc5 18. Qe2 Rfe8 19. Be3 Qd6 20. Bb3 c6 
21. Nh4 Rad8 22. Red1 Nd7 23. Nxg6 Qxg6 24. Rac1 Rc8 25. Qf3 Red8 26. Kg2 Nf8 
27. Qf5 Qxf5 28. exf5 g6 29. Rc3 c5 30. Rdc1 Nd7 31. Bd5 Nf6 32. Bb7 Rb8 
33. Bf3 gxf5 34. Bxc5 Bxc5 35. Rxc5 Rxd3 36. Rxe5 fxg4 37. hxg4 Rbd8 
38. Rc7 R8d7 39. Rxd7 Nxd7 40. Rd5 Rxd5 41. Bxd5 b4 42. Be4 Kg7 43. Kf3 a5 
44. Bc2 f6 45. Ke4 Ne5 46. f3 Kg6 47. Kd4+ Kf7 48. Kc5 Ke7 49. Be4 h6 
50. Kb5 Kd6 51. a3 bxa3 52. bxa3 a4 53. Kxa4 Kc5 54. Kb3 Nc4 55. a4 Ne3 
56. Kc3 Ng2 57. Kd2 Nf4 58. Ke3 Ng2+ 59. Kf2 Nf4 60. Ke3 Ng2+ 61. Kf2 Nf4 
62. Kg3 Ne2+ 63. Kh4 Nf4 64. Kg3 Ne2+ 65. Kh4 Nf4 66. Bc2 Kb4 67. Kg3 Ne6 
68. Kf2 Nd4 69. Bd1 Nc6 70. Ke3 Ka5 71. Ke4 Ne7 72. Bc2 Kb6 73. f4 Kc5 
74. Bd3 Kb4 75. Kd4 Kxa4 76. Kc5 Kb3 77. Kd6 Nc8+ 78. Ke6 Kc3 79. Bb1 Kc4 
80. Kxf6 Nd6 81. g5 h5 82. Ke7 Kd5 83. g6 Nc8+ 84. Kf7 Nd6+ 85. Kf8 Kc5 
86. g7 Nc4 87. g8=Q Kb4 88. Qd5 h4 89. Ba2 Nb6 90. Qd4+ Kb5 91. Bb1 h3 
92. Bd3+ Kc6 93. Qb4 Nd7+ 94. Ke7 Nf6 95. Kxf6 h2 96. Be4+ Kd7 97. Qb7+ Kd8 
98. Bh1 Ke8 99. Qe7# 1-0

[Event "Tuesday Night Round Robin Engine Tour 5m+1s Starts at 2200hrs ST"]
[Site "Infinity Chess"]
[Date "2018.1.23"]
[Round "9"]
[White "OlivierEvan"]
[Black "KhalidOmar"]
[Result "1/2-1/2"]
[ECO "C65"]
[WhiteElo "2501"]
[BlackElo "2552"]
[WhiteEngine "Houdini 6"]
[BlackEngine "Eman 1.67 64-bit BMI2"]
[EventType "Round Robin"]
[WhiteTeam ""]
[BlackTeam ""]
[PlyCount "255"]
[TimeControl "300+1"]

1. e4 e5 2. Nf3 Nc6 3. Bb5 Nf6 4. d3 Bc5 5. Ba4 O-O 6. O-O d6 7. c3 Ne7 
8. Bc2 Ng6 9. d4 Bb6 10. h3 c6 11. Be3 d5 12. Nxe5 Nxe4 13. Nxg6 hxg6 
14. Bf4 Qh4 15. Bh2 Qg5 16. Qc1 Qxc1 17. Rxc1 Re8 18. Na3 Bf5 19. Re1 Ng5 
20. Rad1 a5 21. Ba4 Ne6 22. Re3 g5 23. Bc2 Bxc2 24. Nxc2 f6 25. Kf1 Kf7 
26. Re2 Ba7 27. Rde1 Bb8 28. Bxb8 Raxb8 29. g3 Nc7 30. Ne3 a4 31. Nf5 Rxe2 
32. Rxe2 Ne6 33. Kg2 b6 34. b3 g6 35. Ne3 Ra8 36. Ng4 Ke7 37. b4 Rh8 38. Re1 Kf7 
39. Re3 Ng7 40. Rf3 Nf5 41. Ne3 Nd6 42. Ng4 Nf5 43. Ne3 Nd6 44. Ng4 Ne4 
45. Re3 Nd2 46. Re1 Re8 47. Ne3 Nc4 48. Re2 Nd6 49. Kf1 Nb5 50. Rd2 Na3 
51. Re2 Nb5 52. Rd2 Nd6 53. Re2 f5 54. Rc2 a3 55. Ng2 Rh8 56. h4 f4 
57. hxg5 fxg3 58. fxg3 Rh1+ 59. Ke2 b5 60. Nh4 Ne4 61. Nf3 Nxg3+ 62. Ke3 Nf5+ 
63. Kf4 Rf1 64. Rh2 Ke6 65. Kg4 Rb1 66. Rh8 Rb2 67. Ne5 Rg2+ 68. Kf3 Rxg5 
69. Re8+ Kd6 70. Rd8+ Ke6 71. Re8+ Kd6 72. Rd8+ Ke7 73. Ra8 Nh4+ 74. Ke3 Rg3+ 
75. Kf4 Rg1 76. Rxa3 g5+ 77. Ke3 g4 78. Ra7+ Ke6 79. Rg7 g3 80. Nf3 Nf5+ 
81. Kf4 Nxg7 82. Nxg1 Nh5+ 83. Kf3 Nf6 84. Kxg3 Ne4+ 85. Kf3 Nxc3 86. Ne2 Nxa2 
87. Nf4+ Kd6 88. Nd3 Kd7 89. Ke3 Nc3 90. Nc5+ Kd6 91. Nb7+ Kd7 92. Nc5+ Kd6 
93. Nb7+ Ke7 94. Nc5 Nd1+ 95. Kf4 Nb2 96. Ke5 Nc4+ 97. Kf4 Ke8 98. Nd3 Kd8 
99. Nc5 Ke7 100. Kf3 Nd6 101. Kf4 Nc4 102. Kf3 Kd6 103. Kf2 Nb6 104. Ke3 Nc4+ 
105. Kf2 Kc7 106. Kf3 Nb2 107. Kf4 Kd8 108. Ne6+ Ke8 109. Nc5 Nc4 110. Nd3 Kd8 
111. Nc5 Nb2 112. Ne6+ Kd7 113. Nc5+ Ke7 114. Ke5 Nc4+ 115. Kf4 Kf7 116. Nd7 Ke6 
117. Nc5+ Kd6 118. Nb7+ Kd7 119. Nc5+ Kc8 120. Na6 Kb7 121. Nc5+ Kc8 
122. Na6 Nd2 123. Nc5 Ne4 124. Nxe4 dxe4 125. Kxe4 Kd8 126. Kf4 Ke7 127. d5 cxd5 
128. Ke5 1/2-1/2

[Event "Tuesday Night Round Robin Engine Tour 5m+1s Starts at 2200hrs ST"]
[Site "Infinity Chess"]
[Date "2018.1.23"]
[Round "9"]
[White "MarioDeMonti"]
[Black "SkyPilot"]
[Result "1/2-1/2"]
[ECO "B90"]
[WhiteElo "2478"]
[BlackElo "2518"]
[WhiteEngine "stockfish_x64_bmi2_2018_01_13_CTG"]
[BlackEngine "stockfish_x64_bmi2_2018_01_13_CTG"]
[EventType "Round Robin"]
[WhiteTeam ""]
[BlackTeam ""]
[PlyCount "269"]
[TimeControl "300+1"]

1. e4 c5 2. Nf3 d6 3. d4 cxd4 4. Nxd4 Nf6 5. Nc3 a6 6. Be3 e5 7. Nb3 Be6 
8. f3 h5 9. Qd2 Nbd7 10. Nd5 Bxd5 11. exd5 g6 12. O-O-O Nb6 13. Qa5 Bh6 
14. Bxh6 Rxh6 15. Qd2 Rh8 16. Na5 Qc7 17. c4 Kf8 18. Kb1 Kg7 19. Bd3 Nbd7 
20. Rc1 Rae8 21. Rhe1 Nb8 22. Rf1 b6 23. Nb3 Nbd7 24. f4 a5 25. Qc3 Rc8 
26. f5 g5 27. Qd2 Kh7 28. Na1 Nc5 29. Be2 g4 30. Nc2 Qe7 31. Qd1 Rce8 
32. Ka1 Kg7 33. Ne3 Rh6 34. Kb1 a4 35. Qc2 Rhh8 36. Qd1 Ra8 37. Nc2 e4 
38. Qd4 e3 39. Rce1 Rhe8 40. Bd1 Qe5 41. Qxe5 Rxe5 42. Rxe3 Re4 43. Rxe4 Nfxe4 
44. Re1 Nd2+ 45. Kc1 Nxc4 46. Be2 Ne5 47. Kd2 Kf6 48. Na3 Re8 49. Bb5 Rc8 
50. Rf1 h4 51. Ke3 Kg5 52. h3 Kf6 53. Rf4 Rg8 54. hxg4 Nxg4+ 55. Ke2 Nh6 
56. Rxh4 Nxf5 57. Rh2 Rg4 58. Kd2 Rd4+ 59. Kc1 Nd3+ 60. Bxd3 Rxd3 61. Nc2 Rg3 
62. Na3 Rd3 63. Nc2 Rxd5 64. Rh8 Nd4 65. Ne3 Rc5+ 66. Kd2 b5 67. Rh6+ Ke7 
68. g4 f6 69. Kd3 Nc6 70. Nf5+ Ke6 71. Ng7+ Kf7 72. Nf5 Ke6 73. Ng7+ Kd7 
74. Rxf6 Ne5+ 75. Kd2 Nxg4 76. Rf7+ Kc6 77. b3 Rd5+ 78. Kc3 axb3 79. axb3 Ne5 
80. Rf8 Rc5+ 81. Kd2 Rd5+ 82. Kc3 Kb6 83. Ne6 Nc6 84. b4 Re5 85. Nd4 Re3+ 
86. Kd2 Re4 87. Nxc6 Kxc6 88. Kc3 Rh4 89. Kb3 Rh3+ 90. Kb2 Rh6 91. Rg8 Rh4 
92. Ka3 Kc7 93. Rg7+ Kc6 94. Rg1 Kb6 95. Kb3 Rh3+ 96. Kb2 Rd3 97. Rg8 Rf3 
98. Rg1 Rf7 99. Ra1 Rf5 100. Rg1 Rf3 101. Kc2 Rf2+ 102. Kb3 Rf4 103. Kc3 Rf2 
104. Ra1 Rh2 105. Rg1 Rh3+ 106. Kc2 Rh2+ 107. Kb3 Rh3+ 108. Ka2 Kc6 109. Ra1 Kd7 
110. Rf1 Rg3 111. Rd1 Re3 112. Ra1 Rf3 113. Rb1 Rf7 114. Rd1 Rf4 115. Kb3 Rf7 
116. Rb1 Rh7 117. Rg1 Kc6 118. Rc1+ Kd5 119. Rd1+ Ke6 120. Ra1 Rh3+ 
121. Kb2 Rh2+ 122. Kb3 Kd7 123. Ra7+ Kc6 124. Rf7 Rh3+ 125. Kc2 Rh8 126. Rf5 Rb8 
127. Rf6 Rg8 128. Rf5 Rg6 129. Kc3 d5 130. Kc2 d4 131. Rc5+ Kd6 132. Rxb5 Rg3 
133. Rc5 d3+ 134. Kc3 Rg4 135. Rb5 1/2-1/2

[Event "Tuesday Night Round Robin Engine Tour 5m+1s Starts at 2200hrs ST"]
[Site "Infinity Chess"]
[Date "2018.1.23"]
[Round "9"]
[White "Cepri"]
[Black "Eman"]
[Result "1/2-1/2"]
[ECO "C65"]
[WhiteElo "2472"]
[BlackElo "2510"]
[WhiteEngine "asmFishW_12J18Mb_CTG"]
[BlackEngine "Eman 1.67 64-bit POPCNT"]
[EventType "Round Robin"]
[WhiteTeam ""]
[BlackTeam ""]
[PlyCount "100"]
[TimeControl "300+1"]

1. e4 e5 2. Nf3 Nc6 3. Bb5 Nf6 4. O-O Nxe4 5. Re1 Nd6 6. Nxe5 Be7 7. Bf1 Nxe5 
8. Rxe5 O-O 9. Nc3 Bf6 10. Re1 Re8 11. Rxe8+ Nxe8 12. Nd5 Bg5 13. c4 c6 
14. Nc3 d5 15. cxd5 cxd5 16. d4 Bxc1 17. Rxc1 Be6 18. g3 h6 19. Bg2 Rc8 
20. a3 Rc6 21. Qe1 Nf6 22. Qd2 Qd7 23. Re1 a6 24. Bf1 Rc8 25. f3 Ne8 26. Ne2 Nd6 
27. Nf4 Nf5 28. Nxe6 fxe6 29. Bh3 Qc6 30. Bg4 Qb6 31. Bxf5 exf5 32. Kg2 Qb3 
33. Re2 Rc4 34. Qe1 Rc2 35. Rxc2 Qxc2+ 36. Kh3 g5 37. Qe5 Kh7 38. Qxd5 Qd3 
39. Qxb7+ Kh8 40. Qc8+ Kg7 41. Qd7+ Kf6 42. Qd8+ Kf7 43. Kg2 Qd2+ 44. Kf1 Qd1+ 
45. Kg2 Qe2+ 46. Kg1 Qd1+ 47. Kf2 Qd2+ 48. Kg1 Qd1+ 49. Kf2 Qd2+ 50. Kg1 Qd1+ 
1/2-1/2

[Event "Tuesday Night Round Robin Engine Tour 5m+1s Starts at 2200hrs ST"]
[Site "Infinity Chess"]
[Date "2018.1.23"]
[Round "9"]
[White "KULLANI"]
[Black "Victorious"]
[Result "0-1"]
[ECO "C50"]
[WhiteElo "2495"]
[BlackElo "2504"]
[WhiteEngine "BrainFish_180113_x64_CTG"]
[BlackEngine "asmFishW_2017-11-19_popcnt"]
[EventType "Round Robin"]
[WhiteTeam ""]
[BlackTeam ""]
[PlyCount "162"]
[TimeControl "300+1"]

1. e4 e5 2. Nf3 Nc6 3. Bc4 Bc5 4. O-O Nf6 5. d3 d6 6. c3 O-O 7. Bg5 h6 8. Bh4 g5 
9. Bg3 a6 10. Re1 Ba7 11. Nbd2 Nh7 12. h3 h5 13. d4 g4 14. hxg4 hxg4 15. Bh4 Qd7 
16. Nh2 Kh8 17. Be2 Rg8 18. Nb3 Qe6 19. Bxg4 Rxg4 20. Qxg4 Qxg4 21. Nxg4 Bxg4 
22. d5 Nd8 23. c4 Kg7 24. Rac1 f6 25. c5 Nf7 26. f3 Bd7 27. Bf2 f5 
28. cxd6 Bxf2+ 29. Kxf2 cxd6 30. Rc7 Nf6 31. exf5 Bxf5 32. Rd1 b5 33. Na5 Kg6 
34. Nc6 Bd7 35. Re1 Kg5 36. Rb7 Nh6 37. g4 Kf4 38. Rh1 Nhg8 39. Re1 Re8 
40. Nb8 Bc8 41. Rg7 Bxg4 42. Nxa6 Bxf3 43. Nc7 Bxd5 44. Nxe8 Nxe8 45. Ra7 Ngf6 
46. Rc1 Ng4+ 47. Ke1 Nef6 48. Rc8 Ke3 49. Rc3+ Kd4 50. Rc8 Ne4 51. Rb8 Bc4 
52. b3 Bd3 53. a4 bxa4 54. bxa4 Nc5 55. Rg7 Nh2 56. Rg3 e4 57. Rf8 Nf3+ 
58. Rfxf3 exf3 59. Rxf3 Nxa4 60. Rf4+ Be4 61. Rh4 Nc5 62. Rh8 d5 63. Kd2 Kc4 
64. Rf8 d4 65. Rc8 Bb7 66. Rc7 Ba6 67. Rc6 Kb4 68. Kc1 d3 69. Rf6 Bc4 
70. Rf2 Kc3 71. Kd1 Ne4 72. Rg2 Bf7 73. Rg1 Bh5+ 74. Kc1 d2+ 75. Kb1 Kb3 
76. Ka1 Nc5 77. Rg3+ Kb4 78. Rg1 Ka3 79. Rb1 Nb3+ 80. Rxb3+ Kxb3 81. Kb1 d1=Q# 
0-1

[Event "Tuesday Night Round Robin Engine Tour 5m+1s Starts at 2200hrs ST"]
[Site "Infinity Chess"]
[Date "2018.1.23"]
[Round "9"]
[White "RonWeasley"]
[Black "angriff"]
[Result "1-0"]
[ECO "B00"]
[WhiteElo "2500"]
[BlackElo "2409"]
[WhiteEngine "BrainFish 130117_CTG"]
[BlackEngine "Raubfisch ME262_GTZ16b2_CTG"]
[EventType "Round Robin"]
[WhiteTeam ""]
[BlackTeam ""]
[PlyCount "191"]
[TimeControl "300+1"]

1. e4 Nc6 2. Nc3 e5 3. g3 Nf6 4. Bg2 Bc5 5. Na4 Be7 6. Nc3 Bc5 7. d3 a5 
8. Nge2 O-O 9. O-O d6 10. h3 Bd7 11. Kh2 a4 12. a3 Qe7 13. f4 h6 14. f5 Nd4 
15. Bd2 c6 16. Nxd4 exd4 17. Na2 b5 18. Qf3 Rac8 19. g4 Bb6 20. Rae1 Rfe8 
21. Kg1 Bc7 22. h4 Nh7 23. g5 hxg5 24. hxg5 Nxg5 25. Qh5 Bd8 26. Kf2 g6 
27. Qh6 Qf8 28. Bxg5 Qxh6 29. Bxh6 Bh4+ 30. Ke2 Bxe1 31. Kxe1 gxf5 32. Kd2 Re6 
33. Bf4 fxe4 34. Bxe4 Rf6 35. Nc1 Bg4 36. Ne2 Bxe2 37. Kxe2 d5 38. Bg2 Rd8 
39. Kd1 c5 40. Bh3 Kh7 41. Kc1 b4 42. axb4 cxb4 43. Kb1 b3 44. Bg4 bxc2+ 
45. Kxc2 Kg8 46. Kb1 Re8 47. Bd1 a3 48. bxa3 Kf8 49. a4 Re3 50. Bc2 Ree6 
51. Bb3 Re3 52. Bxe3 Rxf1+ 53. Bc1 Ke7 54. a5 Kd7 55. Kb2 Kc7 56. Bh6 Rf2+ 
57. Ka3 Rf3 58. Bc2 Rf6 59. Bg7 Rc6 60. Bb3 f6 61. Kb4 Rd6 62. Kb5 Rd8 
63. Bxf6 Rb8+ 64. Ka4 Kc6 65. Bxd4 Ra8 66. Kb4 Rb8+ 67. Bb6 Rh8 68. Ba4+ Kd6 
69. a6 Rb8 70. a7 Ra8 71. Bc5+ Kc7 72. Bb3 Kc6 73. Bxd5+ Kxd5 74. Kb5 Rg8 
75. d4 Rc8 76. Kb6 Rh8 77. Kb7 Rh7+ 78. Ka6 Rh8 79. Be7 Kc4 80. Kb7 Kd3 
81. d5 Re8 82. a8=Q Rxe7+ 83. Kc6 Re4 84. Qa3+ Ke2 85. d6 Rf4 86. d7 Rd4 
87. Qb2+ Kd3 88. Qxd4+ Kxd4 89. d8=Q+ Ke4 90. Qh4+ Kd3 91. Kd5 Kd2 92. Kd4 Kc2 
93. Kc4 Kc1 94. Kc3 Kd1 95. Qf2 Kc1 96. Qe1# 1-0

[Event "Tuesday Night Round Robin Engine Tour 5m+1s Starts at 2200hrs ST"]
[Site "Infinity Chess"]
[Date "2018.1.23"]
[Round "8"]
[White "Victorious"]
[Black "RonWeasley"]
[Result "1/2-1/2"]
[ECO "E20"]
[WhiteElo "2504"]
[BlackElo "2500"]
[WhiteEngine "asmFishW_2017-11-19_popcnt"]
[BlackEngine "BrainFish 130117_CTG"]
[EventType "Round Robin"]
[WhiteTeam ""]
[BlackTeam ""]
[PlyCount "83"]
[TimeControl "300+1"]

1. d4 Nf6 2. c4 e6 3. Nc3 d5 4. Bg5 dxc4 5. e3 c5 6. Bxc4 a6 7. Nf3 b5 
8. Bd3 Nbd7 9. Be4 Ra7 10. O-O Be7 11. dxc5 Nxc5 12. Qxd8+ Bxd8 13. Bc6+ Bd7 
14. Bxd7+ Nfxd7 15. Bxd8 Kxd8 16. b4 Nd3 17. Rfb1 Ke7 18. Rb3 N3e5 19. Nxe5 Nxe5 
20. a4 Rb7 21. axb5 axb5 22. h3 Rc8 23. Ra5 Rc4 24. Rxb5 Rxb5 25. Nxb5 Nc6 
26. g4 Rxb4 27. Rxb4 Nxb4 28. Kg2 Nd3 29. f4 g6 30. Kg3 f6 31. Nc3 Nc5 32. h4 f5 
33. Kf3 fxg4+ 34. Kxg4 Kf7 35. e4 e5 36. f5 Kf6 37. h5 gxh5+ 38. Kxh5 Nxe4 
39. Nxe4+ Kxf5 40. Nc3 e4 41. Kh6 e3 42. Ne2 1/2-1/2

[Event "Tuesday Night Round Robin Engine Tour 5m+1s Starts at 2200hrs ST"]
[Site "Infinity Chess"]
[Date "2018.1.23"]
[Round "8"]
[White "Eman"]
[Black "KULLANI"]
[Result "1/2-1/2"]
[ECO "D30"]
[WhiteElo "2511"]
[BlackElo "2494"]
[WhiteEngine "Eman 1.67 64-bit POPCNT"]
[BlackEngine "BrainFish_180113_x64_CTG"]
[EventType "Round Robin"]
[WhiteTeam ""]
[BlackTeam ""]
[PlyCount "111"]
[TimeControl "300+1"]

1. d4 d5 2. c4 e6 3. Nf3 Nf6 4. Nc3 c6 5. e3 Nbd7 6. Qc2 Bd6 7. Bd3 O-O 
8. O-O dxc4 9. Bxc4 b5 10. Bd3 Bb7 11. e4 e5 12. h3 exd4 13. Nxd4 Nc5 
14. Rd1 Qc7 15. Bg5 Be5 16. Bxf6 Bxf6 17. e5 Bxe5 18. Bxh7+ Kh8 19. Ne4 Nxe4 
20. Bxe4 a6 21. Nxc6 Rac8 22. Qe2 g6 23. Bd5 Rfe8 24. Nxe5 Rxe5 25. Qf3 Rxd5 
26. Rxd5 Kg7 27. Qe4 Bxd5 28. Qd4+ Kg8 29. Qxd5 Rd8 30. Qe4 Rd2 31. Qb4 Qd8 
32. Rc1 Rd4 33. Qb3 Qf6 34. Qe3 Qd6 35. g3 Qd5 36. Re1 Kh7 37. a3 Rd2 
38. Qc3 Rd3 39. Qf6 a5 40. Qe5 Qxe5 41. Rxe5 Rb3 42. a4 bxa4 43. Rxa5 Rb4 
44. Ra7 Kg7 45. Ra5 Kf6 46. Kg2 g5 47. Kf1 Kg6 48. Kg2 f5 49. Ra6+ Kg7 
50. Kf3 Rb3+ 51. Kg2 Rb4 52. h4 gxh4 53. gxh4 Rxh4 54. Ra5 Rb4 55. Rxf5 Rxb2 
56. Kf3 1/2-1/2

[Event "Tuesday Night Round Robin Engine Tour 5m+1s Starts at 2200hrs ST"]
[Site "Infinity Chess"]
[Date "2018.1.23"]
[Round "8"]
[White "SkyPilot"]
[Black "Cepri"]
[Result "1/2-1/2"]
[ECO "C55"]
[WhiteElo "2520"]
[BlackElo "2470"]
[WhiteEngine "stockfish_x64_bmi2_2018_01_13_CTG"]
[BlackEngine "asmFishW_12J18Mb_CTG"]
[EventType "Round Robin"]
[WhiteTeam ""]
[BlackTeam ""]
[PlyCount "116"]
[TimeControl "300+1"]

1. e4 e5 2. Nf3 Nc6 3. Bc4 Nf6 4. d3 Bc5 5. O-O d6 6. c3 O-O 7. Bg5 a5 8. a4 h6 
9. Bh4 g5 10. Bg3 Kg7 11. Nbd2 Ba7 12. Nb3 Ne7 13. Nxa5 Ng6 14. b4 h5 15. h4 Bg4 
16. hxg5 Nh7 17. d4 Nxg5 18. Be2 Nxe4 19. Rc1 Nxg3 20. fxg3 Rb8 21. Nc4 f5 
22. Qd2 Qf6 23. b5 f4 24. Bd3 exd4 25. b6 dxc3 26. Qxc3 cxb6 27. Nxd6 Rbd8 
28. Qxf6+ Kxf6 29. Ne4+ Kg7 30. Rc7+ Kh6 31. Rxb7 Rxd3 32. Rxa7 Bxf3 
33. Rxf3 Re3 34. Nd2 Rxf3 35. Nxf3 fxg3 36. Ra6 Rb8 37. Kf1 Kg7 38. Ra7+ Kf6 
39. a5 bxa5 40. Ra6+ Kg7 41. Rxa5 Rb1+ 42. Ne1 h4 43. Ke2 Kh6 44. Ra4 Kh5 
45. Ra5+ Kg4 46. Nd3 Rb8 47. Ra4+ Kh5 48. Ra5+ Kg4 49. Ra4+ Kf5 50. Ra5+ Ke4 
51. Ra4+ Kf5 52. Ra5+ Ke4 53. Ra4+ Kd5 54. Rg4 Ne5 55. Nxe5 Rb2+ 56. Kf1 Kxe5 
57. Rxh4 Rb1+ 58. Ke2 Kf5 1/2-1/2

[Event "Tuesday Night Round Robin Engine Tour 5m+1s Starts at 2200hrs ST"]
[Site "Infinity Chess"]
[Date "2018.1.23"]
[Round "8"]
[White "KhalidOmar"]
[Black "MarioDeMonti"]
[Result "1/2-1/2"]
[ECO "B91"]
[WhiteElo "2555"]
[BlackElo "2475"]
[WhiteEngine "Eman 1.67 64-bit BMI2"]
[BlackEngine "stockfish_x64_bmi2_2018_01_13_CTG"]
[EventType "Round Robin"]
[WhiteTeam ""]
[BlackTeam ""]
[PlyCount "69"]
[TimeControl "300+1"]

1. e4 c5 2. Nf3 d6 3. d4 cxd4 4. Nxd4 Nf6 5. Nc3 a6 6. g3 e5 7. Nb3 Be7 
8. Bg2 Bg4 9. Qd3 O-O 10. Be3 Be6 11. O-O Nbd7 12. h3 Nb6 13. Nd2 Rc8 
14. Rfc1 Nfd7 15. a4 Nc5 16. Qf1 d5 17. exd5 Nxd5 18. Nxd5 Bxd5 19. a5 Bxg2 
20. Qxg2 Bg5 21. Nf1 Bxe3 22. Nxe3 f5 23. Rd1 Qe7 24. Rd5 f4 25. Ng4 fxg3 
26. fxg3 e4 27. Rad1 Qc7 28. R1d4 Nd3 29. Rxe4 Qxc2 30. Qxc2 Rxc2 31. Rxd3 Rc1+ 
32. Kg2 Rc2+ 33. Kg1 Rc1+ 34. Kg2 Rc2+ 35. Kg1 1/2-1/2

[Event "Tuesday Night Round Robin Engine Tour 5m+1s Starts at 2200hrs ST"]
[Site "Infinity Chess"]
[Date "2018.1.23"]
[Round "8"]
[White "BraveDevil"]
[Black "OlivierEvan"]
[Result "1/2-1/2"]
[ECO "D31"]
[WhiteElo "2448"]
[BlackElo "2503"]
[WhiteEngine "Cryptic AIL V2"]
[BlackEngine "Houdini 6"]
[EventType "Round Robin"]
[WhiteTeam ""]
[BlackTeam ""]
[PlyCount "110"]
[TimeControl "300+1"]

1. d4 d5 2. c4 e6 3. Nc3 c6 4. e4 dxe4 5. Nxe4 Bb4+ 6. Bd2 Qxd4 7. Bxb4 Qxe4+ 
8. Be2 Na6 9. Ba5 b6 10. Qd6 Bd7 11. Bc3 f6 12. O-O-O O-O-O 13. Qa3 Kb7 
14. Bf3 Qf4+ 15. Rd2 Qc7 16. Ne2 e5 17. Rhd1 Nh6 18. Ng3 Nf7 19. b4 f5 
20. b5 Nb8 21. Nh5 Bc8 22. bxc6+ Nxc6 23. Bd5 Rxd5 24. Rxd5 f4 25. Nxg7 h5 
26. c5 Nfd8 27. cxb6 axb6 28. Qb2 Qxg7 29. a4 Rh6 30. a5 Nd4 31. Bxd4 exd4 
32. Kb1 Qc7 33. Rc1 Nc6 34. Rb5 Qd7 35. Rxb6+ Ka7 36. Qc2 Qd5 37. Qc5 Qxc5 
38. Rxc5 Bb7 39. h4 Rg6 40. Rg5 Re6 41. Rxh5 Re7 42. f3 Re1+ 43. Kc2 Re2+ 
44. Kd3 Rxg2 45. Rh7 Nxa5 46. Rf6 Nb3 47. h5 Rg1 48. Rf5 Rc1 49. Rxb7+ Kxb7 
50. Rb5+ Kc6 51. Rxb3 Rh1 52. Kxd4 Rxh5 53. Ke4 Kd6 54. Rb1 Re5+ 55. Kxf4 Rc5 
1/2-1/2

[Event "Tuesday Night Round Robin Engine Tour 5m+1s Starts at 2200hrs ST"]
[Site "Infinity Chess"]
[Date "2018.1.23"]
[Round "8"]
[White "Dovahkiin"]
[Black "star99"]
[Result "1/2-1/2"]
[ECO "A00"]
[WhiteElo "2456"]
[BlackElo "2463"]
[WhiteEngine "BrainFish_180113_x64_modern_CTG"]
[BlackEngine "Cryptic AIL V2"]
[EventType "Round Robin"]
[WhiteTeam ""]
[BlackTeam ""]
[PlyCount "132"]
[TimeControl "300+1"]

1. e3 e5 2. e4 Nf6 3. Nc3 Bb4 4. Nf3 O-O 5. Nxe5 d5 6. Nd3 Bxc3 7. dxc3 dxe4 
8. Nf4 Qxd1+ 9. Kxd1 Rd8+ 10. Ke1 Nc6 11. Ne2 h6 12. Ng3 a5 13. f3 Re8 
14. Kf2 Bd7 15. Be2 Ne5 16. Re1 Bc6 17. Be3 Re6 18. Rad1 Rae8 19. f4 Neg4+ 
20. Bxg4 Nxg4+ 21. Kg1 Nxe3 22. Rxe3 b6 23. c4 Rf6 24. f5 h5 25. h4 g6 
26. b3 gxf5 27. Nxh5 Rh6 28. Rg3+ Kf8 29. Rg5 Re5 30. Ng3 Rf6 31. Rf1 Bd7 
32. Rd1 Bc6 33. Kf1 e3 34. Ke2 a4 35. Rd8+ Ke7 36. Rd3 Kf8 37. h5 axb3 
38. axb3 Bxg2 39. Rxe3 Rc5 40. Nxf5 Bf1+ 41. Kxf1 Rfxf5+ 42. Rxf5 Rxf5+ 
43. Kg2 Rxh5 44. Kg3 Rh6 45. Kf4 Rh5 46. Rd3 Rh2 47. c3 Rb2 48. b4 Ke7 
49. Ke5 Rh2 50. Kd5 Rh6 51. c5 c6+ 52. Kc4 Rh4+ 53. Rd4 b5+ 54. Kd3 Rh3+ 
55. Kc2 Rh6 56. Rf4 Rh2+ 57. Kb3 Rg2 58. Re4+ Kd7 59. Rf4 Ke7 60. Rf3 Ke6 
61. Re3+ Kd5 62. Re7 f5 63. Rd7+ Ke5 64. Re7+ Kd5 65. Rd7+ Ke5 66. Re7+ Kd5 
1/2-1/2